 Dungeon Crawl Stone Soup version 0.24-a0-720-gbbc45b0 (webtiles) character file.

Game seed: 8266391266561880598, levelgen mode: deterministic

1275 pichaelthompson the Charmwright (level 8, -5/64 HPs)
             Began as a Gnoll Skald on Sept 30, 2019.
             Was a Believer of Ashenzari.
             Slain by an orc warrior
             ... wielding a +0 battleaxe
              (26 damage)
             ... on level 6 of the Dungeon.
             The game lasted 00:15:00 (7108 turns).

pichaelthompson the Charmwright (Gnoll Skald)       Turns: 7108, Time: 00:15:01

Health: -5/64      AC:  8    Str: 14    XL:     8   Next: 53%
Magic:  9/17       EV: 14    Int: 16    God:    Ashenzari [**....]
Gold:   252        SH:  5    Dex: 16    Spells: 9/19 levels left

rFire    . . .     SeeInvis .   a - +0 spear
rCold    . . .     Gourm    .   (no shield)
rNeg     . . .     Faith    .   n - +0 ring mail
rPois    .         Spirit   .   (no helmet)
rElec    .         Reflect  +   (no cloak)
rCorr    .         Harm     .   (no gloves)
MR       .....                  x - +1 pair of boots
Stlth    ++........             u - +5 amulet of reflection
HPRegen  0.20/turn              e - ring of flight
MPRegen  0.15/turn              (no ring)

@: very slightly contaminated
A: distributed training, fangs 1, strong nose
a: Curse Item, Scrying, Renounce Religion, Evoke Flight


You were on level 6 of the Dungeon.
You worshipped Ashenzari.
Ashenzari was pleased with you.
You were hungry.

You visited 2 branches of the dungeon, and saw 8 of its levels.

You collected 252 gold pieces.

Inventory:

Hand Weapons
 a - a +0 spear (weapon)
Missiles
 f - 8 boomerangs of dispersal (quivered)
Armour
 n - a +0 ring mail (worn)
 x - a +1 pair of boots (worn)
Jewellery
 e - a ring of flight (left hand)
 u - a +5 amulet of reflection (around neck)
 y - an uncursed amulet of the acrobat
Wands
 v - a wand of paralysis (13)
 C - a wand of flame (16)
Scrolls
 c - 10 scrolls of teleportation {unknown}
 g - 2 scrolls of immolation {unknown}
 h - 2 scrolls of random uselessness {unknown}
 k - 2 scrolls of magic mapping {unknown}
 l - 7 scrolls of identify {unknown}
 m - a scroll of fear {unknown}
 o - 2 scrolls of enchant weapon {unknown}
 p - 6 scrolls of remove curse
 r - a scroll of enchant armour {unknown}
 s - a scroll of amnesia {unknown}
 w - a scroll of noise {unknown}
 A - a scroll of fog {unknown}
Potions
 b - 2 potions of degeneration {unknown}
 i - a potion of experience {unknown}
 j - a potion of might {unknown}
 q - 2 potions of curing {unknown}
 t - 2 potions of cancellation {unknown}
 z - a potion of resistance {unknown}
Comestibles
 d - 11 rations
 B - 2 chunks of flesh


   Skills:
 + Level 5.7 Fighting
 + Level 3.3 Short Blades
 + Level 3.3 Long Blades
 + Level 3.3 Axes
 + Level 3.3 Maces & Flails
 + Level 5.7 Polearms
 + Level 3.3 Staves
 + Level 3.3 Slings
 + Level 3.3 Bows
 + Level 3.3 Crossbows
 + Level 3.3 Throwing
 + Level 4.2 Armour
 + Level 5.7 Dodging
 + Level 3.3 Stealth
 + Level 3.3 Shields
 + Level 3.3 Unarmed Combat
 + Level 6.0 Spellcasting
 + Level 2.6 Conjurations
 + Level 2.6 Hexes
 + Level 6.1 Charms
 + Level 2.6 Summonings
 + Level 2.6 Necromancy
 + Level 2.6 Translocations
 + Level 2.6 Transmutations
 + Level 2.6 Fire Magic
 + Level 2.6 Ice Magic
 + Level 2.6 Air Magic
 + Level 2.6 Earth Magic
 + Level 2.6 Poison Magic
 + Level 3.6 Invocations
 + Level 3.3 Evocations


You had 9 spell levels left.
You knew the following spells:

 Your Spells              Type           Power        Failure   Level  Hunger
a - Infusion              Chrm           ###.         1%          1    None
b - Spectral Weapon       Hex/Chrm       ###.....     13%         3    ##.....
c - Regeneration          Chrm/Necr      ###.......   13%         3    ##.....
d - Confuse               Hex            ##......     26%         3    ##.....

Your spell library contained the following spells:

 Spells                   Type           Power        Failure   Level  Hunger
 Song of Slaying          Chrm           ###.....     3%          2    #......
 Shroud of Golubria       Chrm/Tloc      ###...       6%          2    #......
 Confusing Touch          Hex            ##....       9%          1    None
 Corona                   Hex            ##.....      9%          1    None
 Ensorcelled Hibernation  Hex/Ice        ##....       13%         2    #......
 Dazzling Spray           Conj/Hex       ##....       26%         3    ##.....
 Gell's Gravitas          Tloc           ##........   26%         3    ##.....
 Tukima's Dance           Hex            ##......     26%         3    ##.....
 Petrify                  Tmut/Erth      ##......     65%         4    ####...
 Metabolic Englaciation   Hex/Ice        ##........   94%         5    ######.
 Yara's Violent Unravell  Hex/Tmut       ##........   94%         5    ######.


Dungeon Overview and Level Annotations

Branches:
Dungeon (7/15)             Temple (1/1) D:4

Altars:
Ashenzari
Cheibriados
Dithmenos
Elyvilon
Fedhas
Gozag
Kikubaaqudgha
Nemelex Xobeh
Okawaru
Qazlal
Ru
Trog
Uskayaw
Vehumet
Wu Jian
Xom
Zin
The Shining One


Innate Abilities, Weirdness & Mutations

Your experience applies equally to all skills.
You have very sharp teeth.
Your uncanny sense of smell can sniff out nearby items.


Message History

Press: ? - help, Dir - move target cursor, f/p - orc warrior
Aim: an orc warrior, wielding a +0 battleaxe and wearing a +0 plate armour (severely wounded)
You reach to attack!
You hit the orc warrior.
The orc warrior is severely wounded.
Your skin is crawling a little less now.
Attack whom?
Press: ? - help, Dir - move target cursor, f/p - orc warrior
Aim: an orc warrior, wielding a +0 battleaxe and wearing a +0 plate armour (severely wounded)
You reach to attack!
You hit the orc warrior but do no damage.
The orc warrior is severely wounded.
Your skin stops crawling.
Casting: Spectral Weapon (safe; 13% risk of failure)
Confirm with . or Enter, or press ? or * to list all spells.
You miscast Spectral Weapon.
You are very lightly contaminated with residual magic.
The light around you dims momentarily.
You are feeling hungry.
The orc warrior hits you with a +0 battleaxe!!
You die...

......##........# #.##
##..............# #.#
####.##........# #.#
##.##.......## #.#
##..##.....######.##
###...##.........#.#.##
#......#...#####..###.#
#.##.#......## #.#.#.##
#.##.#.......###@#..##
#.##.......)).##o#.##
#####
#.####.....).###.#.#
#....
#....)...........#.#
#.###
....####....##.....#
####.### ###.#
##.#.##.#.### #.......
###.# #........# ###
#.##.### .##.#
##..####.#
##.###.##.### .##.#
#...####.#
##.#.##.##....


You could see an orc warrior.

Vanquished Creatures
  A phantom (D:4)
  An ogre (D:7)
  2 centaurs (D:6)
  2 bullfrogs (D:6)
  4 crimson imps
  2 quasits
  A jelly (D:6)
  A centaur skeleton (D:5)
  2 orc priests
  A bullfrog skeleton (D:7)
  An iguana (D:4)
  6 orc wizards
  4 worker ants
  6 adders
  An ooze (D:3)
  A worm (D:4)
  6 dart slugs
  3 leopard geckos
  22 orcs
  6 giant cockroaches
  8 goblins
  7 hobgoblins
  7 kobolds
  5 quokkas
  3 ball pythons
  7 bats
  3 frilled lizards (D:1)
  A quokka skeleton (D:5)
  15 rats
129 creatures vanquished.

Vanquished Creatures (others)
  4 spectral weapons
4 creatures vanquished.

Grand Total: 133 creatures vanquished

Notes
Turn   | Place    | Note
-------+----------+-------------------------------------------
     0 | D:1      | pichaelthompson the Gnoll Skald began the quest for the
                  | Orb.
     0 | D:1      | Reached XP level 1. HP: 20/20 MP: 6/6
   131 | D:1      | Reached XP level 2. HP: 25/26 MP: 7/7
   494 | D:1      | Reached XP level 3. HP: 25/31 MP: 9/9
   513 | D:1      | Learned a level 3 spell: Spectral Weapon
   517 | D:1      | Learned a level 3 spell: Regeneration
   527 | D:1      | Reached skill level 5 in Spellcasting
   968 | D:2      | Reached skill level 1 in Invocations
  1377 | D:2      | Reached skill level 1 in Short Blades
  1377 | D:2      | Reached skill level 1 in Long Blades
  1377 | D:2      | Reached skill level 1 in Axes
  1377 | D:2      | Reached skill level 1 in Maces & Flails
  1377 | D:2      | Reached skill level 1 in Staves
  1377 | D:2      | Reached skill level 1 in Slings
  1377 | D:2      | Reached skill level 1 in Bows
  1377 | D:2      | Reached skill level 1 in Crossbows
  1377 | D:2      | Reached skill level 1 in Throwing
  1377 | D:2      | Reached skill level 1 in Stealth
  1377 | D:2      | Reached skill level 1 in Shields
  1377 | D:2      | Reached skill level 1 in Unarmed Combat
  1377 | D:2      | Reached skill level 1 in Evocations
  1567 | D:3      | Found a faded altar of an unknown god.
  1589 | D:3      | Reached XP level 4. HP: 38/38 MP: 7/11
  1676 | D:3      | Reached skill level 1 in Conjurations
  1676 | D:3      | Reached skill level 1 in Hexes
  1676 | D:3      | Reached skill level 1 in Summonings
  1676 | D:3      | Reached skill level 1 in Necromancy
  1676 | D:3      | Reached skill level 1 in Translocations
  1676 | D:3      | Reached skill level 1 in Transmutations
  1676 | D:3      | Reached skill level 1 in Fire Magic
  1676 | D:3      | Reached skill level 1 in Ice Magic
  1676 | D:3      | Reached skill level 1 in Air Magic
  1676 | D:3      | Reached skill level 1 in Earth Magic
  1676 | D:3      | Reached skill level 1 in Poison Magic
  1676 | D:3      | Reached XP level 5. HP: 41/43 MP: 9/12
  1938 | D:3      | Found a stormy altar of Qazlal.
  2013 | D:3      | Found a shattered altar of Ashenzari.
  2036 | D:3      | Became a worshipper of Ashenzari the Shackled
  2188 | D:3      | Found a glowing silver altar of Zin.
  3083 | D:4      | Noticed a phantom
  3114 | D:4      | Killed a phantom
  3114 | D:4      | Reached skill level 5 in Fighting
  3114 | D:4      | Reached skill level 5 in Polearms
  3114 | D:4      | Reached skill level 5 in Dodging
  3114 | D:4      | Reached XP level 6. HP: 46/51 MP: 3/14
  3314 | D:4      | Found a staircase to the Ecumenical Temple.
  3338 | Temple   | Entered the Ecumenical Temple
  3816 | D:5      | Entered Level 5 of the Dungeon
  3828 | D:5      | Reached * piety under Ashenzari
  3850 | D:5      | Reached XP level 7. HP: 46/56 MP: 12/15
  4095 | D:5      | Learned a level 3 spell: Confuse
  5462 | D:6      | Reached XP level 8. HP: 30/63 MP: 9/16
  6171 | D:6      | Found a blossoming altar of Fedhas.
  6906 | D:7      | Reached ** piety under Ashenzari
  6934 | D:7      | Found a sacrificial altar of Ru.
  7108 | D:6      | Slain by an orc warrior

Levels and vault maps discovered:
D:1:      lemuel_arrival_hallway, layout_basic
D:2:      layout_loops_cross
D:3:      layout_loops_ring, zin_academy, grunt_qazlal_clouds,
          evilmike_ruin_ashenzari, chequers_ecumenical_altar_simple,
          minmay_misc_feat_tower, st_stairs_6
D:4:      layout_gridville, minmay_temple_entry_slanted
D:5:      layout_basic, first_ration
D:6:      layout_loops_cross, basic_altar
D:7:      layout_loops_cross, overflow_temple_1_default, grunt_ogre_cave,
          minmay_misc_feat_columns, kennysheep_cross_bottleneck,
          nicolae_ru_awakened_eye
Temple:   nicolae_temple_figure_eight

Skill      XL: |  1  2  3  4  5  6  7  8 |
---------------+-------------------------+-----
Spellcasting   | 5 6 |  6.0
Invocations    | 1 2 3 |  3.6
Short Blades   | 1 2 3 |  3.3
Long Blades    | 1 2 3 |  3.3
Axes           | 1 2 3 |  3.3
Maces & Flails | 1 2 3 |  3.3
Staves         | 1 2 3 |  3.3
Slings         | 1 2 3 |  3.3
Bows           | 1 2 3 |  3.3
Crossbows      | 1 2 3 |  3.3
Throwing       | 1 2 3 |  3.3
Stealth        | 1 2 3 |  3.3
Shields        | 1 2 3 |  3.3
Unarmed Combat | 1 2 3 |  3.3
Evocations     | 1 2 3 |  3.3
Conjurations   | 1 2 |  2.6
Hexes          | 1 2 |  2.6
Summonings     | 1 2 |  2.6
Necromancy     | 1 2 |  2.6
Translocations | 1 2 |  2.6
Transmutations | 1 2 |  2.6
Fire Magic     | 1 2 |  2.6
Ice Magic      | 1 2 |  2.6
Air Magic      | 1 2 |  2.6
Earth Magic    | 1 2 |  2.6
Poison Magic   | 1 2 |  2.6
Armour         | 3 4 |  4.2
Fighting       | 5 |  5.7
Polearms       | 5 |  5.7
Dodging        | 5 |  5.7
Charms         | 6 |  6.1

Action                   |  1- 3 |  4- 6 |  7- 9 || total
-------------------------+-------+-------+-------++-------
Melee: Spear             |   128 |   258 |   362 ||   748
       Bite              |     6 |    21 |    36 ||    63
       Punch             |       |     2 |     4 ||     6
 Cast: Spectral Weapon   |     1 |     6 |    11 ||    18
       Regeneration      |       |     1 |     3 ||     4
 Stab: Sleeping          |     3 |     1 |     3 ||     7
       Distracted        |       |       |     1 ||     1
  Eat: Chunk             |     2 |     8 |    12 ||    22
Armor: Leather armour    |    16 |       |       ||    16
       Ring mail         |     8 |    41 |   101 ||   150
Dodge: Dodged            |    80 |    96 |   188 ||   364
Block: Other             |       |     6 |   106 ||   112

Table legend:
 A = Non-vault XP
 B = Vault XP
 C = Vault XP percentage of total XP
 D = Non-vault monster count
 E = Vault monster count
 F = Vault count percentage of total count
                 A         B        C        D         E       F
            +---------+---------+-------+---------+---------+-------
      Total |    1705 |     117 |   6.4 |     127 |       2 |   1.6
            +---------+---------+-------+---------+---------+-------
        D:1 |      44 |       0 |   0.0 |      29 |       0 |   0.0
        D:2 |      32 |       0 |   0.0 |      11 |       0 |   0.0
        D:3 |     159 |       1 |   0.6 |      35 |       1 |   2.8
        D:4 |     314 |       0 |   0.0 |      13 |       0 |   0.0
        D:5 |     329 |       0 |   0.0 |      18 |       0 |   0.0
        D:6 |     602 |       0 |   0.0 |      12 |       0 |   0.0
        D:7 |     225 |     116 |  34.0 |       9 |       1 |  10.0
            +---------+---------+-------+---------+---------+-------
